 Dungeon Crawl Stone Soup version 0.25.0-1-g7eea58d (webtiles) character file.

Game seed: 1974490407262958426

13 GeorgeSoros the Charmwright (level 2, -5/22 HPs)
             Began as a Demigod Wanderer on June 24, 2020.
             Slain by an ice beast (9 damage)
             ... on level 1 of the Dungeon.
             The game lasted 00:03:15 (1372 turns).

GeorgeSoros the Charmwright (Demigod Wanderer)      Turns: 1372, Time: 00:03:16

Health: -5/22      AC:  3    Str: 17    XL:     2   Next: 12%
Magic:  7/7        EV: 11    Int: 15    God:
Gold:   79         SH:  0    Dex: 14    Spells: 4/5 levels left

rFire    . . .     SeeInvis .   d - +0 dagger
rCold    . . .     Gourm    .   (no shield)
rNeg     . . .     Faith    .   a - +0 leather armour
rPois    .         Spirit   .   (no helmet)
rElec    .         Reflect  .   (no cloak)
rCorr    .         Harm     .   (no gloves)
MR       .....                  (no boots)
Stlth    +.........             (no amulet)
HPRegen  0.07/turn              (no ring)
MPRegen  0.10/turn              (no ring)

@: no status effects
A: high mp 1
a: no special abilities


You were on level 1 of the Dungeon.
You were not hungry.

You visited 1 branch of the dungeon, and saw 2 of its levels.

You collected 79 gold pieces.

Inventory:

Hand Weapons
 d - a +0 dagger (weapon)
Missiles
 b - 72 stones
 e - 5 boomerangs (quivered)
Armour
 a - a +0 leather armour (worn)
 c - a +0 robe
Scrolls
 j - a scroll of fear
Comestibles
 f - 3 rations
 h - 5 chunks of flesh


   Skills:
 + Level 0.3 Fighting
 - Level 1.0 Throwing
 + Level 0.4 Armour
   Level 1.0 Shields
 - Level 2.0 Spellcasting
 + Level 1.1 Conjurations
   Level 1.0 Hexes
   Level 2.6 Charms
   Level 1.0 Summonings
   Level 1.0 Necromancy


You had 4 spell levels left.
You knew the following spells:

 Your Spells              Type           Power        Failure   Level  Hunger
a - Magic Dart            Conj           #...         17%         1    #......

Your spell library contained the following spells:

 Spells                   Type           Power        Failure   Level  Hunger
 Call Imp                 Summ           #.......     26%         2    ###....
 Slow                     Hex            #.......     26%         2    ###....
 Blink                    Tloc           N/A          36%         2    ###....
 Conjure Flame            Conj/Fire      #.......     54%         3    ###....
 Mephitic Cloud           Conj/Pois/Air  #.......     56%         3    ###....


Dungeon Overview and Level Annotations

Branches:
Dungeon (2/15)


Innate Abilities, Weirdness & Mutations

You have an increased reservoir of magic. (+10% MP)


Message History

The dart slug is heavily wounded.
The dart slug bites you. The ice beast barely misses you.
You hit the dart slug.
The dart slug is severely wounded.
The dart slug launches a dart at you. The slug dart misses you.
The slug dart hits the ice beast but does no damage.
The ice beast hits you. The ice beast freezes you!
* * * LOW HITPOINT WARNING * * *
You feel better.
The ice beast hits you but does no damage.
The dart slug launches a dart at you. The slug dart hits you.
* * * LOW HITPOINT WARNING * * *
You hit the dart slug but do no damage.
The dart slug is severely wounded.
The ice beast hits you.
* * * LOW HITPOINT WARNING * * *
The ice beast freezes you!
You die...

#.# #............ #.#
#............ #.# #............
#.#########............
#............#####.....
############################.....
.................................
#############################....
#..Y@w..#............
#.#####.#.########### #.# #.#.#
#รท# #.#.########### #.#
#.#............
#.###################
#....................
####################. #.


You could see an ice beast and a dart slug.

Vanquished Creatures
  A dart slug (D:1)
  A giant cockroach (D:1)
  3 goblins (D:1)
  A ball python (D:1)
  2 bats (D:1)
  2 kobolds (D:1)
  2 rats (D:1)
12 creatures vanquished.

Notes
Turn   | Place    | Note
-------+----------+-------------------------------------------
     0 | D:1      | GeorgeSoros the Demigod Wanderer began the quest for the
                  | Orb.
     0 | D:1      | GeorgeSoros set off with the following items: a +0 club, a
                  | +0 robe, a ration; and the following spell memorised: Magic
                  | Dart; and the following spells available to memorise: Call
                  | Imp, Slow, Blink, Conjure Flame, Mephitic Cloud
     0 | D:1      | Reached XP level 1. HP: 14/14 MP: 5/5
   800 | D:1      | Reached skill level 1 in Conjurations
   867 | D:1      | Reached XP level 2. HP: 9/20 MP: 7/7
  1363 | D:2      | Noticed an ice beast
  1372 | D:1      | Slain by an ice beast

Illustrated notes

Levels and vault maps discovered:
D:1:      minmay_arrival_stone_box, layout_basic, dk_noncrumbling_4
D:2:      layout_rooms

Skill      XL: |  1 |
---------------+----+-----
Spellcasting   | 2 |  2.0
Conjurations   | 1 |  1.1
Fighting       | |  0.3
Throwing       | |  1.0
Armour         | |  0.4
Shields        | |  1.0
Hexes          | |  1.0
Charms         | |  2.6
Summonings     | |  1.0
Necromancy     | |  1.0

Action                   || total
-------------------------++-------
Melee: Unarmed           ||    30
       Dagger            ||    38
  Use: Scroll            ||     3
       Potion            ||     1
 Stab: Sleeping          ||     2
  Eat: Chunk             ||     1
Armor: Leather armour    ||    17
Dodge: Dodged            ||    37
